AoeStats
← 中年不油妮

Pilgrims

507565954Analyzed
4v4 RM · 13d ago on Sep 18, 2026· 58m 30s· 8 players
Game mode
Random Map
Map size
Large (8 player)
Population
200
Speed
Normal
Resources
Standard
Victory
Conquest
Starting age
Dark Age
Ending age
Imperial Age
RankedLock teamsTeams togetherTeam positionsShared explorationLock speedFull tech treeHidden civsTurbo modeCheats
Victory
Defeat
🇲🇽 Cumans · Mexico
1250
+12
🇦🇷 Britons · Argentina
1183
+14
🇲🇽 Mapuche · Mexico
1122
+17
🇨🇦 Japanese · Canada
1096
+17
🇬🇧 Persians · United Kingdom
1187
-17
🇲🇦 Jurchens · Morocco
1144
-15
🇸🇪 Japanese · Sweden
1143
-15
🇪🇸 Magyars · Spain
1100
-13
touch grass
10:31 Feudal Age
9:49 Loom
11:29 Double-Bit Axe
12:12 Fishing Lines
17:22 Castle Age
20:34 Stone Mining
22:14 Stone Shaft Mining
22:27 Wheelbarrow
22:02 Scale Barding Armor
22:08 Forging
23:14 Bow Saw
23:21 Gold Mining
25:03 Chain Barding Armor
25:30 Bloodlines
25:21 Husbandry
26:06 Husbandry
27:57 Hand Cart
32:08 Imperial Age
31:11 Iron Casting
31:57 Gold Shaft Mining
33:18 Conscription
32:55 Elite Iron Pagoda
34:32 Plate Barding Armor
36:11 Town Watch
38:46 Heavy Scorpion
44:59 Blast Furnace
46:26 Chemistry
46:15 Siege Engineers
47:29 Ballistics
FappingFuriously
8:02 Loom
11:43 Feudal Age
16:04 Castle Age
15:33 Fishing Lines
kiko1994
12:26 Feudal Age
15:38 Bloodlines
17:32 Scale Barding Armor
21:18 Fishing Lines
23:40 Castle Age
23:41 Double-Bit Axe
23:48 Gold Mining
23:49 Stone Mining
23:40 Horse Collar
24:38 Husbandry
24:01 Light Cavalry
26:04 Wheelbarrow
26:51 Gillnets
28:29 Chain Barding Armor
28:50 Medium Warships
31:39 Loom
34:59 Fletching
35:35 Ballistics
35:20 Padded Archer Armor
中年不油妮
El Cachorro
5:05 Loom
11:02 Feudal Age
15:56 Fletching
22:10 Castle Age
21:08 Padded Archer Armor
21:42 Double-Bit Axe
26:10 Bodkin Arrow
30:33 Leather Archer Armor
31:19 Ballistics
32:18 Bow Saw
31:53 Horse Collar
38:48 Scale Mail Armor
39:15 Forging
41:15 Wheelbarrow
41:35 Chain Mail Armor
40:46 Pikeman
42:34 Iron Casting
47:07 Imperial Age
47:14 Capped Ram
47:32 Halberdier
49:38 Plate Mail Armor
51:27 Blast Furnace
51:23 Hand Cart
Diego
4:02 Loom
12:05 Feudal Age
12:48 Double-Bit Axe
17:11 Castle Age
16:30 Scale Barding Armor
16:37 Forging
16:20 Gold Mining
18:19 Chain Barding Armor
18:20 Bloodlines
20:55 Wheelbarrow
25:53 Imperial Age
26:55 Hand Cart
26:07 Cavalier
27:50 Iron Casting
27:11 Horse Collar
28:36 Plate Barding Armor
28:33 Heavy Plow
32:04 Blast Furnace
35:32 Paladin
46:28 Bow Saw
52:51 Gold Shaft Mining
53:44 Crop Rotation
55:09 Capped Ram
56:08 Siege Ram
Bambam
8:27 Loom
10:35 Feudal Age
11:05 Double-Bit Axe
24:18 Castle Age
23:24 Wheelbarrow
25:09 Pikeman
25:50 Squires
26:14 Medium Warships
34:48 Forging
34:38 Scale Mail Armor
39:28 Hand Cart
51:06 Imperial Age
52:11 Iron Casting
51:51 Chain Mail Armor
52:47 Conscription
55:05 Halberdier
not.matiasz
5:04 Loom
10:08 Feudal Age
11:05 Double-Bit Axe
17:23 Horse Collar
18:37 Fletching
21:14 Castle Age
20:36 Padded Archer Armor
21:53 Bodkin Arrow
21:19 Crossbowman
25:01 Leather Archer Armor
33:06 Wheelbarrow
32:19 Town Watch
34:29 Ballistics
35:52 Heavy Plow
42:32 Imperial Age
43:19 Bracer
42:46 Arbalester
45:07 Chemistry
50:45 Ring Archer Armor
53:10 Hand Cart
Connection lost

Rejoining the realm…

Still unreachable

The connection could not be restored.

Session expired

The server has moved on; the page needs a fresh start.